 Dungeon Crawl Stone Soup version 0.29-a0-716-gf28ee254f9 (webtiles) character file.

Game seed: 1879119615595175609

7095 1stPlace the Fighter (level 10, -2/142 HPs)
             Began as a Minotaur Berserker on June 26, 2022.
             Was a Priest of Trog.
             Slain by a boulder beetle (12 damage)
             ... on level 12 of the Dungeon.
             The game lasted 00:17:12 (11058 turns).

1stPlace the Fighter (Minotaur Berserker)          Turns: 11058, Time: 00:17:12

Health: -2/142     AC:  9    Str: 24    XL:     10   Next: 84%
Magic:  8/8        EV: 13    Int:  6    God:    Trog [***...]
Gold:   516        SH:  0    Dex: 10    Spells: 9/9 levels left

rFire   . . .      SeeInvis .   a - +6 bardiche "Goblin's Death" {freeze, rCorr}
rCold   . . .      Faith    .   (shield currently unavailable)
rNeg    . . .      Spirit   .   c - +1 scale mail
rPois   +          Reflect  .   (helmet restricted)
rElec   .          Harm     .   (no cloak)
rCorr   +          Rampage  .   (no gloves)
Will    .....                   (no boots)
Stlth   ..........              (no amulet)
HPRegen 0.33/turn               r - ring of poison resistance
MPRegen 0.11/turn               (no ring)

@: berserking (expiring), studying Shields, very quick
A: horns 2, retaliatory headbutt, low MP 1, sense surroundings 2
a: Renounce Religion, Berserk, Trog's Hand


You were on level 12 of the Dungeon.
You worshipped Trog.
Trog was most pleased with you.
You visited 1 branch of the dungeon, and saw 10 of its levels.
You also visited: Bailey.

You collected 516 gold pieces.

Inventory:

Hand Weapons
 a - the +6 bardiche "Goblin's Death" (weapon) {freeze, rCorr}
   (You found it in a bailey)

   It freezes those it strikes, dealing additional cold damage.
   It can also slow down cold-blooded creatures.
   rCorr:     It protects you from acid and corrosion.
Missiles
 y - a throwing net (quivered)
Armour
 c - a +1 scale mail (worn)
Jewellery
 l - a ring of magical power
 r - a ring of poison resistance (left hand)
 D - an amulet of magic regeneration
 E - a ring of positive energy
Wands
 f - a wand of iceblast (33)
 h - a wand of flame (60)
 q - a wand of charming (5)
 x - a wand of mindburst (12)
 B - a wand of polymorph (5)
Scrolls
 b - 2 scrolls of poison
 d - 2 scrolls of blinking
 e - 2 scrolls of immolation
 g - 3 scrolls of enchant weapon
 n - 5 scrolls of teleportation
 o - 2 scrolls of vulnerability {unknown}
 p - a scroll of torment {unknown}
 s - a scroll of brand weapon {unknown}
 u - a scroll of silence {unknown}
 v - a scroll of noise {unknown}
 A - a scroll of fog {unknown}
 C - a scroll of acquirement {unknown}
Potions
 i - 3 potions of flight {unknown}
 j - 3 potions of curing
 k - a potion of haste
 m - 2 potions of might {unknown}
 t - a potion of ambrosia {unknown}
 z - a potion of magic


   Skills:
 + Level 11.1 Fighting
 + Level 11.1 Polearms
 + Level 10.8 Armour
 + Level 9.9 Dodging


You had 9 spell levels left.
You didn't know any spells.
Your spell library was empty.

Dungeon Overview and Level Annotations

Branches:
Dungeon (9/15)             Temple (0/1) D:5          Bailey (visited)
   Lair: D:8-11         Orc: D:9-12

Altars:
Elyvilon
Kikubaaqudgha
Ru
Sif Muna
Wu Jian

Shops:
D:4 =   D:6 :

Annotations:
D:8 3 runed translucent doors, Banquo's ghost, novice DjEn


Innate Abilities, Weirdness & Mutations

You have a pair of horns on your head.
You reflexively headbutt those who attack you in melee.
Your magical capacity is low. (-10% MP)
You passively map the area around you.


Message History

You slash the death yak! You freeze the death yak.
You headbutt the death yak, but do no damage.
The death yak is severely wounded.
The death yak gores you.
* * * LOW HITPOINT WARNING * * *
The boulder beetle misses you.
The centaur warrior hits you but does no damage.
The centaur warrior kicks you but does no damage.
You slice the death yak!! You freeze the death yak.
The death yak is almost dead.
The centaur warrior hits you.
* * * LOW HITPOINT WARNING * * *
The centaur warrior completely misses you.
The boulder beetle closely misses you.
The death yak gores you but does no damage.
The centaur warrior barely misses you.
The centaur warrior kicks you but does no damage.
You chop the death yak into pieces!!! You freeze the death yak.
You kill the death yak!
Trog accepts your kill. The white imp gestures at you.
The puff of frost hits you!
* * * LOW HITPOINT WARNING * * *
The boulder beetle barely misses you. The centaur warrior hits you.
* * * LOW HITPOINT WARNING * * *
The centaur warrior kicks you but does no damage.
You slice the centaur warrior!! You freeze the centaur warrior.
The centaur warrior is heavily wounded.
The centaur warrior hits you.
* * * LOW HITPOINT WARNING * * *
The centaur warrior closely misses you. The boulder beetle closely misses you.
You furiously retaliate!
You headbutt the boulder beetle!! The yak gores you but does no damage.
The centaur warrior hits you.
* * * LOW HITPOINT WARNING * * *
The centaur warrior kicks you but does no damage.
Unknown command.
You barely miss the centaur warrior.
The centaur warrior is heavily wounded.
The boulder beetle bites you!
You die...

,,,,,,,,*,,,,,,,#.....#..........
,,,,,,,,*,,,,,,,#.....#.....#.#..
,,,,,,,,**####+##.....#..≈≈≈#.#≈≈
,,,,,,,,,,..°.....°...≈≈≈≈≈≈#,#≈≈
,,,,,,,,,,...########≈≈≈≈≈≈≈#,*≈≈
,,,********,,#......#{≈≈≈≈≈≈#,*≈≈
,,,*,,,,,,*,,#......#....≈≈≈..*≈≈
,,,*,,,,,,*,,#...c..#.......#.*,,
,,,*,,,,,,*,>#..@Y5.#.....#...,,,
,,,*,,,,,,*,,#...B..'.....#,..,,,
,,,*,,,,,**,,+......#.....#,,.,,,
,,,*,,,,,*,,,#......#.....#,,,*,,
,,,*,,,,,*,,,########.....#,,,*,,
,,,*,,,,,*,,,,,,,,,,......#+***,,
,,,****+**,,,,,,,,,,........,,,,,
,,,,,,,,,,,,,,,,,,,,.........,,,,
,,,,,,,,,,,,,,,,,,,.........#****


You could see a boulder beetle, a centaur warrior, a yak and a white imp.

Vanquished Creatures
  A death yak (D:12)
  Pikel (D:7)
  A cyclops (D:12)
  Maggie (D:7)
  A troll (D:8)
  A shadow (D:9)
  A centaur simulacrum (D:12)
  2 water moccasins
  Duvessa (D:7)
  2 black bears
  A sky beast (D:6)
  9 orc warriors
  2 ogres (D:7)
  6 centaurs
  A lemure (D:7)
  A phantom (D:6)
  2 kobold brigands
  3 bullfrogs
  2 necrophages (D:7)
  2 scorpions
  10 wights
  Dowan (D:7)
  4 killer bees (D:8)
  2 vampire bats (D:8)
  2 howler monkeys
  2 hounds
  4 jellies
  An orc priest (D:6)
  2 iguanas
  4 orc wizards
  A hell rat (D:7)
  4 gnolls (D:5)
  8 adders
  7 river rats (D:7)
  3 white imps
  2 worms
  3 dart slugs
  38 orcs
  6 ball pythons
  11 bats
  7 endoplasms
  4 giant cockroaches
  9 hobgoblins
  8 jackals
  16 quokkas
  3 frilled lizards
  10 goblins
  16 kobolds
  25 rats
254 creatures vanquished.

Vanquished Creatures (collateral kills)
  An orc warrior (Bailey)
  5 centaurs (Bailey)
  10 orcs (Bailey)
16 creatures vanquished.

Vanquished Creatures (others)
  2 centaurs (Bailey)
  An orc (Bailey)
  5 plants
8 creatures vanquished.

Grand Total: 278 creatures vanquished

Notes
Turn   | Place    | Note
-------+----------+-------------------------------------------
     0 | D:1      | 1stPlace the Minotaur Berserker began the quest for the
                  | Orb.
     0 | D:1      | Reached XP level 1. HP: 19/19 MP: 0/0
   205 | D:1      | Reached XP level 2. HP: 25/27 MP: 1/1
   300 | D:1      | Found a faded altar of an unknown god.
   656 | D:1      | Reached ** piety under Trog
   776 | D:1      | Reached XP level 3. HP: 33/33 MP: 2/2
  1892 | D:3      | Found an ancient bone altar of Kikubaaqudgha.
  1926 | D:3      | Reached XP level 4. HP: 40/40 MP: 3/3
  1954 | D:3      | Gained mutation: You passively map a small area around you.
                  | [potion of mutation]
  1954 | D:3      | Gained mutation: Your spells are a little harder to cast,
                  | but a little more powerful. [potion of mutation]
  1954 | D:3      | Gained mutation: You have large cloven feet. [potion of
                  | mutation]
  1954 | D:3      | Gained mutation: You are strong-willed. (Will+) [potion of
                  | mutation]
  2230 | D:3      | Lost mutation: You have large cloven feet. [potion of
                  | mutation]
  2230 | D:3      | Lost mutation: Your spells are a little harder to cast, but
                  | a little more powerful. [potion of mutation]
  2230 | D:3      | Gained mutation: Your magical capacity is low. (-10% MP)
                  | [potion of mutation]
  2230 | D:3      | Gained mutation: You passively map the area around you.
                  | [potion of mutation]
  2230 | D:3      | Lost mutation: You are strong-willed. (Will+) [potion of
                  | mutation]
  2253 | D:3      | Reached XP level 5. HP: 53/53 MP: 3/3
  2260 | D:3      | Found a sacrificial altar of Ru.
  2968 | D:4      | Found Dinoh's Jewellery Boutique.
  3085 | D:4      | Noticed a black bear
  3093 | D:4      | Killed a black bear
  3094 | D:4      | Reached XP level 6. HP: 61/61 MP: 4/4
  3830 | D:5      | Entered Level 5 of the Dungeon
  4151 | D:5      | Reached XP level 7. HP: 60/69 MP: 5/5
  4825 | D:5      | Found a staircase to the Ecumenical Temple.
  5175 | D:6      | Found Sofosse's Self-Improvement Boutique.
  5296 | D:6      | Reached XP level 8. HP: 77/77 MP: 6/6
  5560 | D:6      | Reached *** piety under Trog
  6337 | D:7      | Found a flagged portal.
  6350 | Bailey   | Entered a bailey
  6808 | Bailey   | Reached XP level 9. HP: 43/84 MP: 7/7
  7390 | Bailey   | HP: 6/127 [centaur/+0 trident (3)]
  7921 | Bailey   | Identified the +6 bardiche "Goblin's Death" {freeze, rCorr}
  8224 | D:7      | Found a large runed translucent door.
  8225 | D:7      | Found a large runed translucent door.
  8234 | D:7      | Noticed Pikel
  8245 | D:7      | Killed Pikel
  8255 | D:7      | Noticed Duvessa
  8255 | D:7      | Noticed Dowan
  8262 | D:7      | Killed Duvessa
  8263 | D:7      | Reached skill level 10 in Polearms
  8267 | D:7      | Killed Dowan
  8268 | D:7      | Reached skill level 10 in Fighting
  8370 | D:7      | Noticed Maggie
  8376 | D:7      | Killed Maggie
  8478 | D:7      | Reached XP level 10. HP: 80/93 MP: 8/8
  8596 | D:7      | Reached skill level 10 in Armour
  8649 | D:7      | Reached **** piety under Trog
  9434 | D:7      | Found an ornate altar of the Wu Jian Council.
  9437 | D:7      | Found a shimmering blue altar of Sif Muna.
  9505 | D:8      | Found a runed translucent gate.
  9505 | D:8      | Found a runed translucent gate.
  9505 | D:8      | Found a runed translucent gate.
  9507 | D:8      | Noticed an 11-headed hydra
  9507 | D:8      | Noticed Banquo's ghost (novice DjEn)
  9911 | D:8      | Identified the +6 plate armour of the Volcano {rElec Will+
                  | Int-2}
 10301 | D:8      | Found a white marble altar of Elyvilon.
 10716 | D:9      | You fall into a shaft and drop 3 floors!
 10720 | D:12     | Noticed a cyclops
 10726 | D:12     | Killed a cyclops
 11033 | D:12     | Noticed a boulder beetle
 11038 | D:12     | Noticed a death yak
 11038 | D:12     | Noticed a centaur warrior
 11056 | D:12     | Killed a death yak
 11058 | D:12     | Slain by a boulder beetle

Illustrated notes

Levels and vault maps discovered:
D:1:      dpeg_arrival_prison, layout_rooms, shapermc_ecumenical_altar_rom_forum
D:2:      layout_loops_ring
D:3:      layout_basic, lemuel_doored_altar, lemuel_tele_altar,
          serial_bayou_pond_b
D:4:      layout_gridville, serial_shops, shop_fountains, serial_forest,
          infiniplex_forest_straight_2, infiniplex_forest_lined_room_,
          infiniplex_forest_lined_3, infiniplex_forest_straight_2,
          infiniplex_forest_lined_4_way, infiniplex_forest_straight_1,
          infiniplex_forest_3_way, infiniplex_forest_lined_3_way
D:5:      layout_loops_corners, minmay_temple_entry_enclosed_plants,
          solitary_fountain
D:6:      layout_basic, nicolae_shop_self_help
D:7:      lemuel_ratsnest, layout_basic, jmf_multi_god_temple2, enter_bailey_3,
          nicolae_ossuary_entry_plus, chequers_decorated_corner, uniq_pikel,
          uniq_duvessa, uniq_maggie
D:8:      layout_rooms, nicolae_elyvilon_temple_path,
          gammafunk_ghost_hydra_chop, roderic_batcave
D:9:      layout_basic, kennysheep_little_box, mainiacjoe_overflow_alcove_2
D:12:     layout_irregular_city, serial_ice, serial_ice_e, serial_ice_b,
          serial_ice_l, serial_ice_f

Skill      XL: |  1  2  3  4  5  6  7  8  9 10 |
---------------+-------------------------------+-----
Polearms       | 4 8 9 10 11 | 11.1
Fighting       | 4 8 9 10 11 | 11.1
Armour         | 3 7 8 9 10 | 10.8
Dodging        | 3 7 8 9 |  9.9

Action                   |  1- 3 |  4- 6 |  7- 9 | 10-12 || total
-------------------------+-------+-------+-------+-------++-------
Melee: Spear             |   108 |       |       |       ||   108
       Headbutt          |    17 |    13 |    18 |    14 ||    62
       Punch             |     1 |       |     2 |       ||     3
       Trident           |    31 |   111 |    45 |       ||   187
       Halberd           |       |       |   137 |       ||   137
       Bardiche          |       |       |    48 |   155 ||   203
Invok: Trog's Hand       |       |     3 |     9 |     1 ||    13
       Berserk           |       |     4 |    12 |     5 ||    21
Evoke: Wand              |       |       |     9 |       ||     9
  Use: Potion            |       |     8 |     3 |       ||    11
       Scroll            |       |     1 |     6 |     2 ||     9
 Stab: Distracted        |       |       |     1 |       ||     1
Armor: Scale mail        |    40 |    41 |    63 |    61 ||   205
       Animal skin       |     1 |       |       |       ||     1
Dodge: Dodged            |    58 |    34 |   145 |   114 ||   351

Table legend: (Time is in decaauts)
 A = Elapsed time spent in this place.
 B = Non-inter-level travel time spent in this place.
 C = Inter-level travel time spent in this place.
 D = Time resting spent in this place.
 E = Time spent auto-exploring this place.
 F = Levels seen in this place.
 G = Mean time per level.
                   A        B        C        D        E       F      G
               +--------+--------+--------+--------+--------+-----+--------+
         Total |  11294 |  11055 |    239 |    998 |   8076 |  11 | 1026.7 |
       Dungeon |   9439 |   9200 |    239 |    566 |   7009 |  10 |  943.9 |
        Bailey |   1855 |   1855 |      0 |    431 |   1066 |   1 | 1855.0 |
               +--------+--------+--------+--------+--------+-----+--------+

Top non-repeatable levels by time:
  Bailey: 1855 daAuts
     D:7: 1450 daAuts
     D:2: 1325 daAuts
     D:6: 1317 daAuts
     D:5: 1178 daAuts
     D:8: 998 daAuts
     D:4: 893 daAuts
     D:3: 822 daAuts
     D:1: 802 daAuts
    D:12: 356 daAuts
     D:9: 293 daAuts
